 Dungeon Crawl Stone Soup version 0.23.2-33-g5129a83184 (webtiles) character file.

Game seed: 4117472993778259711

135 psyvane the Insei (level 4, -4/32 HPs)
             Began as a Demonspawn Transmuter on June 30, 2019.
             Was an Initiate of Ru.
             Slain by a gnoll
             ... wielding a +0 spear
              (7 damage)
             ... on level 3 of the Dungeon.
             The game lasted 00:14:37 (3298 turns).

psyvane the Insei (Demonspawn Transmuter)           Turns: 3298, Time: 00:14:38

Health: -4/32      AC:  0    Str: 12    XL:     4   Next: 97%
Magic:  1/7        EV: 12    Int: 14    God:    Ru [......]
Gold:   130        SH:  4    Dex: 13    Spells: 0/7 levels left

rFire    . . .     SeeInvis .     - Unarmed
rCold    . . .     Gourm    .   (no shield)
rNeg     . . .     Faith    .   (no armour)
rPois    .         Spirit   .   (no helmet)
rElec    .         Reflect  .   (no cloak)
rCorr    .         Harm     .   (no gloves)
MR       .....                  (no boots)
Stlth    +.........             o - amulet of regeneration
HPRegen  0.50/turn              (no ring)
MPRegen  0.10/turn              (no ring)

@: appendage, very slightly contaminated
A: horns 2, talons 2, large bone plates 1
a: End Transformation, Renounce Religion


You were on level 3 of the Dungeon.
You worshipped Ru.
Ru was noncommittal.
You were hungry.
You had grown temporary horns.
You visited 1 branch of the dungeon, and saw 3 of its levels.

You collected 130 gold pieces.

Inventory:

Missiles
 a - 27 arrows
 m - 36 bolts
Armour
 b - a +0 robe
 j - a +0 buckler
 q - a +0 leather armour
Jewellery
 o - an amulet of regeneration (around neck)
Scrolls
 e - 2 scrolls of identify {unknown}
 f - 2 scrolls of magic mapping {unknown}
 g - 2 scrolls of remove curse
 h - a scroll of fear {unknown}
 k - a scroll of enchant armour {unknown}
 p - a scroll of teleportation {unknown}
Potions
 n - a potion of invisibility {unknown}
Comestibles
 d - 4 rations
 l - 9 chunks of flesh


   Skills:
 * Level 1.1 Fighting
 * Level 1.8 Dodging
 - Level 4.5 Unarmed Combat
 - Level 2.4 Spellcasting
 - Level 2.3 Transmutations
 * Level 0.2 Ice Magic


You couldn't memorise any spells.
You knew the following spells:

 Your Spells              Type           Power        Failure   Level  Hunger
a - Beastly Appendage     Tmut           #.....       9%          1    #......
b - Sticks to Snakes      Tmut           #.......     13%         2    ###....
c - Ice Form              Ice/Tmut       #.......     80%         4    #####..

Your spell library contained the following spells:

 Spells                   Type           Power        Failure   Level  Hunger
 Spider Form              Tmut/Pois      #.........   38%         3    ###....
 Blade Hands              Tmut           #.........   94%         5    ######.


Dungeon Overview and Level Annotations

Branches:
Dungeon (3/15)

Altars:
Qazlal
Ru


Innate Abilities, Weirdness & Mutations

You have razor-sharp toenails.
You are partially covered in large bone plates. (SH +4)
You have a pair of horns on your head.


Message History

Confirm with . or Enter, or press ? or * to list all spells.
Okay, then.
Casting: Sticks to Snakes (safe; 13% risk of failure)
Confirm with . or Enter, or press ? or * to list all spells.
You grow a pair of large bovine horns.
Your ball python bites the gnoll but does no damage.
Your ball python completely misses the gnoll.
The gnoll barely misses your ball python.
The gnoll closely misses you.
Your ball python closely misses the gnoll.
Your ball python barely misses the gnoll.
You barely miss the gnoll. The gnoll hits your ball python.
Your ball python dies!
The gnoll hits you with a +0 spear!
* * * LOW HITPOINT WARNING * * *
The gnoll closely misses you.
Your ball python barely misses the gnoll.
Your ball python grabs the gnoll.
Your ball python constricts the gnoll.
The gnoll hits you from afar with a +0 spear!
You die...

#...#........#
#.#.#..#.# #####
#......).#
#...########.#.#..###
.....(()........).####
#...###..######......#
'...# #..#.........#.#
#...# #.)##.###..#.#g#
#...#
#.....##..@#.#.##
...##
#.......S..#.#.g# ##.#
#####..gg###.#..# ##.#
#....#.....##.# ####
#.#..#.g......# #
#.#..#######..# # #
..#. #..# ##.#.# #..#
..#.. ...#


You could see 2 gnolls and a friendly ball python.

Vanquished Creatures
  An orc wizard (D:2)
  3 adders (D:3)
  An ooze (D:1)
  A dart slug (D:1)
  5 leopard geckos
  5 orcs
  A ball python (D:2)
  8 bats
  A giant cockroach (D:2)
  16 goblins
  4 hobgoblins
  A kobold (D:1)
  3 quokkas
  5 frilled lizards
  9 rats
64 creatures vanquished.

Vanquished Creatures (collateral kills)
  2 worms (D:2)
2 creatures vanquished.

Grand Total: 66 creatures vanquished

Notes
Turn   | Place    | Note
-------+----------+-------------------------------------------
     0 | D:1      | psyvane the Demonspawn Transmuter began the quest for the
                  | Orb.
     0 | D:1      | Reached XP level 1. HP: 15/15 MP: 3/3
   261 | D:1      | Reached skill level 3 in Unarmed Combat
   496 | D:1      | Gained mutation: You are partially covered in large bone
                  | plates. (SH +4) [demonic ancestry]
   496 | D:1      | Reached XP level 2. HP: 21/21 MP: 5/5
   542 | D:1      | Learned a level 2 spell: Sticks to Snakes
  1361 | D:2      | Mutation became permanent: You have razor-sharp toenails.
                  | [demonic ancestry]
  1361 | D:2      | Gained mutation: You have claws for feet. [demonic
                  | ancestry]
  1361 | D:2      | Reached XP level 3. HP: 7/26 MP: 4/6
  1701 | D:2      | Found a sacrificial altar of Ru.
  1706 | D:2      | Became a worshipper of Ru the Awakened
  1739 | D:2      | Reached skill level 4 in Unarmed Combat
  1747 | D:2      | Gained mutation: You have razor-sharp toenails. [demonic
                  | ancestry]
  1747 | D:2      | Reached XP level 4. HP: 9/32 MP: 5/7
  2414 | D:2      | Learned a level 4 spell: Ice Form
  2604 | D:2      | Found a stormy altar of Qazlal.
  3285 | D:3      | HP: 1/32 [gnoll/+0 spear (6)]
  3298 | D:3      | Slain by a gnoll

Skill      XL: |  1  2  3 |
---------------+----------+-----
Unarmed Combat | 3 4 |  4.5
Transmutations | 2 |  2.3
Fighting       | |  1.1
Dodging        | |  1.8
Spellcasting   | |  2.4
Ice Magic      | |  0.2

Action                   |  1- 3 |  4- 6 || total
-------------------------+-------+-------++-------
Melee: Unarmed           |   106 |   105 ||   211
       Kick              |    15 |    23 ||    38
       Headbutt          |     1 |     4 ||     5
       Punch             |     1 |     1 ||     2
 Cast: Beastly Appendage |     8 |    14 ||    22
       Sticks to Snakes  |     3 |     8 ||    11
  Use: Potion            |     1 |     2 ||     3
       Scroll            |       |     1 ||     1
 Stab: Sleeping          |       |     1 ||     1
  Eat: Chunk             |     3 |     5 ||     8
Armor: Robe              |     6 |    10 ||    16
Dodge: Dodged            |    50 |    67 ||   117
Block: Other             |    12 |    15 ||    27
